 Dungeon Crawl Stone Soup version 0.31-a0-222-gefeffbb62a (webtiles) character file.

Game seed: 753248440976436914

28 innerfire43 the Trooper (level 3, -2/29 HPs)
             Began as a Demonspawn Monk on July 5, 2023.
             Slain by a worm (9 damage)
             ... on level 2 of the Dungeon.
             The game lasted 00:00:35 (737 turns).

innerfire43 the Trooper (Demonspawn Monk)            Turns: 737, Time: 00:00:35

Health: -2/29      AC:  3    Str: 13    XL:     3   Next: 0%
Magic:  3/3        EV: 13    Int: 11    God:
Gold:   66         SH:  0    Dex: 15    Spells: 2/2 levels left

rFire   . . .        a - +0 hand axe
rCold   . . .        d - orb {light}
rNeg    . . .        b - +0 robe
rPois   .            (no helmet)
rElec   .            (no cloak)
rCorr   .            (no gloves)
SInv    .            (no boots)
Will    .....        (no amulet)
Stlth   +            (no ring)
HPRegen 0.24/turn    (no ring)
MPRegen 0.08/turn

%: no passive effects
@: glowing
A: rugged brown scales 1, demonic guardian 1
a: no special abilities


You were on level 2 of the Dungeon.
You visited 1 branch of the dungeon, and saw 2 of its levels.

You collected 66 gold pieces.

Inventory:

Hand Weapons
 a - a +0 hand axe (weapon)
Armour
 b - a +0 robe (worn)
 d - an orb of light (worn)
Scrolls
 f - 3 scrolls of teleportation {unknown}
Potions
 c - a potion of ambrosia
 e - 2 potions of heal wounds {unknown}
 g - 2 potions of haste {unknown}
 h - a potion of lignification {unknown}


   Skills:
 + Level 3.4 Fighting
 + Level 3.1 Axes
 + Level 3.1 Dodging


You had 2 spell levels left.
You didn't know any spells.
Your spell library contained the following spells:

 Spells                   Type           Power      Damage    Failure   Level
 Necrotise                Necr           0%         1d4       34%         1
 Vampiric Draining        Necr           0%         2d6       71%         3
 Agony                    Necr           0%         N/A       100%        5


Dungeon Overview and Level Annotations

Branches:
Dungeon (2/15)

Altars:


Innate Abilities, Weirdness & Mutations

You are partially covered in rugged brown scales. (AC +1, +3% HP)
A weak demonic guardian rushes to your aid.


Message History

You hit the worm.
You kill the worm!
A frilled lizard comes into view.
Found 8 gold pieces.
The frilled lizard hisses angrily.
A worm comes into view.
There are monsters nearby!
There are monsters nearby!
You are too injured to fight recklessly!
You are too injured to fight recklessly!
You are too injured to fight recklessly!
Found a stone staircase leading down.
Your ufetubus hits the frilled lizard.
Your ufetubus barely misses the frilled lizard. x2
Your ufetubus completely misses the frilled lizard.
The frilled lizard barely misses your ufetubus.
You swap places.
Found 5 stones.
The frilled lizard bites your ufetubus.
You catch the helpless frilled lizard completely off-guard!
You hit the frilled lizard.
You kill the frilled lizard!
Your ufetubus completely misses the worm.
Your ufetubus hits the worm.
You have reached level 3!
Your experience leads to an increase in your attributes!
Increase (S)trength, (I)ntelligence, or (D)exterity?
You feel stronger. x2; Your demonic ancestry asserts itself...
Rugged brown scales grow over part of your body.
Your ufetubus hits the worm.
Your ufetubus barely misses the worm.
The worm barely misses your ufetubus.
Your ufetubus hits the worm but does no damage. x2
Your ufetubus disappears in a puff of smoke!
You hit the worm but do no damage.
The worm is moderately wounded.
You hit the worm.
The worm is heavily wounded.
The worm bites you.
* * * LOW HITPOINT WARNING * * *
You hit the worm.
The worm is severely wounded.
The worm bites you!
You die...

....# ## ..>.# ... ($
....#### .. . ........
.. .#........ .
#..........?
#.#w#..........
#.#@...........
#####...#......... ..
..........##....#......
##....................##
..............####.#...#
######....$....##..#...#
......................
#####.....$..........#
#...................


You could see a worm.

Vanquished Creatures
  An adder (D:2)
  A worm (D:2)
  2 bats (D:1)
  3 endoplasms
  A giant cockroach (D:1)
  A goblin (D:1)
  A hobgoblin (D:1)
  2 ball pythons (D:1)
  A frilled lizard (D:2)
  2 kobolds
  A rat (D:2)
16 creatures vanquished.

Notes
Turn   | Place    | Note
-------+----------+-------------------------------------------
     0 | D:1      | innerfire43 the Demonspawn Monk began the quest for the
                  | Orb.
     0 | D:1      | Reached XP level 1. HP: 18/18 MP: 1/1
   241 | D:1      | Gained mutation: A weak demonic guardian rushes to your
                  | aid. [demonic ancestry]
   241 | D:1      | Reached XP level 2. HP: 24/24 MP: 2/2
   733 | D:2      | Gained mutation: You are partially covered in rugged brown
                  | scales. (AC +1, +3% HP) [demonic ancestry]
   733 | D:2      | Reached XP level 3. HP: 7/29 MP: 3/3
   737 | D:2      | Slain by a worm

Illustrated notes

Levels and vault maps discovered:
D:1:      dpeg_arrival_triangle_fractal, layout_basic
D:2:      layout_rooms, serial_shops, nicolae_shop_drivethru, uniq_natasha

Skill      XL: |  1  2 |
---------------+-------+-----
Axes           | 3 |  3.1
Dodging        | 3 |  3.1
Fighting       | |  3.4

Action                     || total
---------------------------++-------
  Melee: Hand axe          ||    37
   Stab: Distracted        ||     2
 Armour: Robe              ||     3
  Dodge: Dodged            ||    25

Table legend: (Time is in decaauts)
 A = Elapsed time spent in this place.
 B = Non-inter-level travel time spent in this place.
 C = Inter-level travel time spent in this place.
 D = Time resting spent in this place.
 E = Time spent auto-exploring this place.
 F = Levels seen in this place.
 G = Mean time per level.
                   A        B        C        D        E       F      G
               +--------+--------+--------+--------+--------+-----+--------+
         Total |    742 |    714 |     28 |      0 |    618 |   2 |  371.0 |
       Dungeon |    742 |    714 |     28 |      0 |    618 |   2 |  371.0 |
               +--------+--------+--------+--------+--------+-----+--------+

Top non-repeatable levels by time:
     D:1: 662 daAuts
     D:2: 79 daAuts
